Map: Data-C

Players

BuzzKill - Winner!

  • Race: Protoss Protoss
  • League: Platinum
  • Spawn Location: 9:00

MattBarry

  • Race: Zerg Zerg
  • League: Silver
  • Spawn Location: 3:00

VOD

Have the link to the VOD?

Description

Time

  • Played on: Jan. 19, 2023, 12:24 a.m.
  • Length: 14:52
Show
View Real Time Build Order
Export as new Build Order

BuzzKill Protoss - Winner!

Build Orders: Archon Immortal 

Get SALT Encoding   

  12  0:00  Probe  
  13  0:14  Probe  
  14  0:29  Probe  
  14  0:33  Pylon  
  15  0:52  Gateway  
  15  0:55  Probe  
  16  0:57  Assimilator  
  16  1:07  Probe (Chrono Boost)  
  17  1:19  Probe (Chrono Boost)  
  18  1:26  Probe (Chrono Boost)  
  18  1:33  Probe  
  19  1:40  Cybernetics Core  
  19  1:45  Gateway  
  19  1:46  Probe  
  20  1:52  Zealot  
  22  2:04  Nexus  
  22  2:12  Pylon  
  22  2:27  Probe  
  22  2:28  Pylon  
  23  2:30  Adept  
  23  2:34  Assimilator  
  25  2:38  Warp Gate  
  25  2:39  Probe (Chrono Boost)  
  25  2:43  Adept  
  28  2:51  Probe (Chrono Boost)  
  29  3:00  Adept, Probe (Chrono Boost)  
  32  3:11  Probe  
  33  3:19  Pylon  
  33  3:23  Probe  
  34  3:28  Adept  
  34  3:32  Adept  
  38  3:34  Probe (Chrono Boost)  
  38  3:36  Probe (Chrono Boost)  
  40  3:45  Probe x2 (Chrono Boost)  
  42  4:00  Probe (Chrono Boost)  
  44  4:05  Probe (Chrono Boost)  
  44  4:09  Probe (Chrono Boost)  
  45  4:13  Probe (Chrono Boost)  
  45  4:14  Probe (Chrono Boost)  
  47  4:24  Probe  
  48  4:26  Probe  
  49  4:35  Adept  
  49  4:36  Adept, Probe  
  54  4:38  Probe  
  55  4:48  Probe  
  55  4:50  Probe  
  53  4:55  Assimilator  
  53  5:00  Assimilator, Robotics Facility, Probe  
  53  5:01  Gateway  
  53  5:02  Probe  
  53  5:04  Gateway  
  53  5:06  Gateway  
  51  5:10  Adept x2  
  51  5:11  Pylon  
  51  5:12  Probe  
  56  5:14  Probe  
  56  5:15  Pylon  
  56  5:20  Pylon  
  57  5:32  Nexus  
  57  5:36  Pylon  
  57  5:47  Pylon  
  57  5:53  Probe  
  57  5:54  Probe  
  59  6:04  Stalker x2  
  61  6:05  Probe  
  61  6:06  Immortal, Probe  
  69  6:12  Forge  
  69  6:14  Forge  
  69  6:18  Probe x2  
  71  6:30  Probe x2  
  73  6:37  Adept x2  
  73  6:38  Adept x2  
  73  6:39  Adept  
  83  6:42  Probe x2  
  83  6:46  Probe  
  86  6:47  Protoss Ground Armor Level 1 (Chrono Boost)  
  86  6:48  Protoss Ground Weapons Level 1 (Chrono Boost)  
  86  6:54  Probe x2  
  86  6:58  Twilight Council, Probe  
  89  7:06  Probe x2  
  91  7:10  Probe  
  92  7:18  Probe x2  
  92  7:22  Probe  
  95  7:30  Probe x2  
  95  7:34  Probe  
  98  7:42  Probe  
  98  7:43  Probe  
  100  7:47  Probe  
  100  7:50  Immortal (Chrono Boost)  
  97  7:54  Probe  
  97  7:55  Probe  
  97  7:57  Charge  
  103  7:58  Templar Archives  
  103  7:59  Probe  
  103  8:00  Pylon  
  103  8:03  Gateway  
  103  8:05  Gateway  
  104  8:06  Probe  
  104  8:07  Probe  
  104  8:08  Robotics Facility  
  104  8:09  Assimilator  
  104  8:11  Gateway, Probe  
  107  8:13  Gateway, Assimilator  
  107  8:15  Gateway  
  107  8:19  Immortal (Chrono Boost)  
  107  8:24  Stalker  
  107  8:25  Stalker  
  115  8:31  Pylon  
  115  8:33  Pylon  
  115  8:37  Pylon  
  115  8:40  Pylon  
  115  8:47  Nexus  
  115  8:53  Gateway  
  115  8:57  Gateway  
  115  8:58  Gateway  
  115  9:03  Gateway  
  115  9:08  Immortal x2 (Chrono Boost)  
  123  9:19  Psionic Storm  
  123  9:23  Protoss Ground Weapons Level 2 (Chrono Boost), Protoss Ground Armor Level 2 (Chrono Boost)  
  123  9:26  Pylon  
  123  9:28  Pylon  
  123  9:30  Pylon  
  123  9:32  High Templar x7  
  123  9:33  High Templar x2  
  141  9:39  Archon x3  
  137  9:53  Probe x3  
  140  10:00  Assimilator  
  140  10:03  Assimilator  
  140  10:05  Probe x3  
  140  10:06  Pylon  
  140  10:07  Zealot x8  
  145  10:08  Zealot, High Templar  
  145  10:13  High Templar x2  
  167  10:15  Stalker x2  
  167  10:17  Probe x3  
  167  10:19  Archon  
  174  10:24  Immortal (Chrono Boost)  
  174  10:25  Immortal (Chrono Boost)  
  182  10:53  Immortal x2 (Chrono Boost), Zealot  
  182  10:54  Zealot x4  
  200  11:19  Nexus  
  200  11:32  Nexus  
  200  11:33  Pylon  
  200  11:36  Pylon  
  200  11:38  Pylon  
  198  11:42  Pylon  
  172  12:11  Observer x2  
  174  12:16  Zealot x8  
  174  12:17  Zealot x5  
  200  12:37  Pylon  
  200  12:40  Pylon  
  200  12:42  Pylon  
  190  12:56  High Templar x7  
  190  12:57  High Templar x5  
  198  13:10  Archon x2  
  198  13:14  Archon x2  
  198  13:34  Pylon  
  198  13:37  Warp Prism  
  196  14:26  Archon  
  168  14:49  Zealot x2  
  168  14:50  Zealot x12  
Show
View Real Time Build Order
Export as new Build Order

MattBarry Zerg 

Build Orders: 1 Base Baneling Bust, Pool First, Lurkers 

Get SALT Encoding   

  12  0:00  Drone  
  13  0:15  Overlord  
  13  0:20  Drone  
  14  0:26  Extractor  
  13  0:30  Drone  
  13  0:35  Drone  
  15  0:41  Drone  
  16  0:53  Spawning Pool  
  16  0:54  Drone  
  16  0:58  Drone  
  17  1:15  Drone  
  18  1:32  Drone  
  18  1:35  Drone  
  20  1:41  Queen  
  20  1:45  Metabolic Boost  
  22  1:50  Baneling Nest  
  21  2:03  Zergling x2  
  21  2:04  Overlord  
  22  2:17  Hatchery  
  21  2:27  Zergling x2  
  21  2:28  Zergling x2, Drone  
  24  2:38  Queen  
  26  2:45  Evolution Chamber  
  26  2:50  Drone  
  26  2:53  Zergling x2  
  27  3:07  Zergling x2  
  27  3:11  Zerg Melee Weapons Level 1  
  28  3:25  Zergling x4  
  28  3:49  Roach Warren, Drone x2  
  28  3:50  Extractor, Drone x3  
  31  3:58  Drone  
  31  4:00  Drone x3  
  35  4:11  Zergling x2  
  35  4:31  Zergling x2  
  35  4:33  Overlord  
  35  4:34  Overlord  
  30  4:55  Drone  
  30  4:56  Drone x8  
  35  5:10  Drone x2  
  37  5:18  Lair  
  37  5:27  Pneumatized Carapace  
  37  5:30  Extractor  
  36  5:37  Zerg Ground Armor Level 1  
  36  5:40  Zergling x2  
  36  5:41  Zergling x8  
  41  5:44  Drone  
  42  6:06  Overlord  
  42  6:22  Glial Reconstitution  
  42  6:24  Roach x4, Evolution Chamber  
  49  6:25  Drone  
  49  6:26  Drone x2  
  52  6:38  Extractor  
  51  6:47  Hatchery  
  50  7:12  Roach x4  
  50  7:13  Overlord x2  
  50  7:14  Overlord  
  58  7:25  Spine Crawler  
  51  7:56  Drone x3  
  51  7:57  Zergling x6, Drone x2  
  51  7:58  Zergling x8  
  63  8:01  Queen  
  65  8:06  Drone  
  65  8:07  Drone x5, Overlord x3  
  71  8:22  Zerg Missile Weapons Level 1  
  71  8:37  Drone x6, Overlord  
  71  8:38  Overlord  
  77  9:01  Hydralisk Den  
  76  9:33  Muscular Augments  
  76  9:35  Overlord  
  76  9:36  Hydralisk x11  
  91  9:55  Hydralisk x4  
  99  10:13  Overlord x2  
  99  10:15  Hydralisk  
  99  10:16  Hydralisk  
  99  10:17  Hydralisk x5  
  99  10:20  Zerg Missile Weapons Level 2  
  113  10:22  Zerg Ground Armor Level 2  
  113  10:32  Queen  
  115  10:38  Infestation Pit  
  115  10:41  Hatchery  
  113  10:44  Grooved Spines  
  113  11:21  Hydralisk  
  113  11:23  Zergling x12  
  113  11:24  Zergling x14  
  113  11:25  Overlord x3  
  124  11:38  Zergling x2  
  124  11:39  Zergling x4  
  99  12:05  Zergling x2  
  99  12:07  Roach  
  99  12:08  Roach x6  
  107  12:22  Lurker Den  
  106  12:39  Hydralisk  
  106  12:40  Hydralisk x6  
  102  13:06  Hydralisk x7  
  116  13:18  Swarm Host  
  119  13:20  Zergling x2  
  119  13:24  Overlord  
  120  13:30  Lurker x4  
  120  13:31  Lurker x2  
  126  13:41  Burrow  
Tags
 
Add a new tag
Caveats
  • Supply blocks, unpowered buildings, or Contaminate may cause inaccurate times.
  • Supply counts are checked every 10 seconds.